General information
- name: BNet
- type: Ladder team game (AT/RT)
- host: Battle.net
- saver: TIMG4STROK
map: SilverpineForest
- players: 6
- length: 102:19
- speed: Fast
- version: 1.26 W3XP
- replay type:

» download(765 KB)
Players
team 1 (loser)
PD-MOU (
pink | 91 APM | 9258 actions | 102:15)
5 Blademaster
3 Wind Walk
2 Critical Strike
» actions
| Assign group hotkey | 44 | |
| Basic commands | 42 | |
| Build / train | 84 | |
| ESC pressed | 2 | |
| Enter build submenu | 54 | |
| Enter hero's abilities submenu | 5 | |
| Give item / drop item | 10 | |
| Remove unit from queue | 1 | |
| Right click | 6410 | |
| Select / deselect | 1117 | |
| Select group hotkey | 786 | |
| Use ability | 703 | |
9258 total
» units
| Peon | 17 | |
| Troll Witch Doctor | 15 | |
| Shaman | 7 | |
| Goblin Shredder | 1 | |
| Spirit Walker | 4 | |
| Demolisher | 3 | |
47 total
» upgrades
| Witch Doctor Training | 2 | |
| Reinforced Defenses | 1 | |
| Shaman Training | 2 | |
| Spirit Walker Training | 2 | |
| Burning Oil | 1 | |
| Ranged Weapons | 1 | |
9 total
» buildings
| Altar of Storms | 1 | |
| Orc Burrow | 3 | |
| Voodoo Lounge | 1 | |
| War Mill | 1 | |
| Watch Tower | 114 | |
| Stronghold | 2 | |
| Fortress | 2 | |
| Spirit Lodge | 1 | |
| Beastiary | 1 | |
| Great Hall | 1 | |
| Barracks | 4 | |
131 total
» build order
00:07 Altar of Storms
00:10 Orc Burrow
00:28 Voodoo Lounge
01:03 War Mill
02:59 Watch Tower
03:03 Watch Tower
03:49 Watch Tower
03:59 Watch Tower
04:11 Watch Tower
04:31 Stronghold
04:52 Watch Tower
04:53 Watch Tower
05:16 Watch Tower
05:17 Watch Tower
06:08 Orc Burrow
06:12 Watch Tower
06:13 Watch Tower
06:15 Watch Tower
07:02 Fortress
07:35 Watch Tower
07:38 Spirit Lodge
08:31 Orc Burrow
08:35 Beastiary
10:07 Watch Tower
10:12 Watch Tower
11:21 Great Hall
11:36 Watch Tower
12:13 Watch Tower
12:16 Watch Tower
13:23 Watch Tower
13:28 Watch Tower
13:53 Watch Tower
14:16 Watch Tower
15:39 Watch Tower
15:41 Watch Tower
15:42 Watch Tower
16:35 Watch Tower
16:36 Watch Tower
16:37 Watch Tower
16:39 Watch Tower
16:39 Watch Tower
16:40 Watch Tower
16:41 Watch Tower
16:42 Watch Tower
16:42 Watch Tower
16:44 Watch Tower
16:45 Watch Tower
16:46 Watch Tower
16:47 Watch Tower
17:32 Watch Tower
17:33 Watch Tower
17:34 Watch Tower
17:35 Watch Tower
17:36 Watch Tower
18:45 Watch Tower
18:45 Watch Tower
18:48 Watch Tower
18:48 Watch Tower
18:49 Watch Tower
18:49 Watch Tower
18:51 Watch Tower
18:51 Watch Tower
20:11 Watch Tower
20:13 Watch Tower
20:14 Watch Tower
20:15 Watch Tower
21:21 Watch Tower
21:22 Watch Tower
21:24 Watch Tower
21:25 Watch Tower
21:26 Watch Tower
21:27 Watch Tower
21:28 Watch Tower
21:29 Watch Tower
21:30 Watch Tower
21:31 Watch Tower
21:32 Watch Tower
21:34 Watch Tower
23:25 Watch Tower
23:26 Watch Tower
23:27 Watch Tower
23:28 Watch Tower
23:31 Watch Tower
23:32 Watch Tower
23:33 Watch Tower
23:34 Watch Tower
23:35 Watch Tower
23:37 Watch Tower
23:37 Watch Tower
23:39 Watch Tower
23:43 Watch Tower
23:44 Watch Tower
23:46 Watch Tower
23:47 Watch Tower
23:48 Watch Tower
23:50 Watch Tower
23:51 Watch Tower
29:39 Watch Tower
29:40 Watch Tower
29:44 Watch Tower
29:44 Watch Tower
29:45 Watch Tower
29:46 Watch Tower
31:13 Watch Tower
31:18 Watch Tower
31:18 Watch Tower
31:20 Watch Tower
31:24 Watch Tower
32:36 Watch Tower
32:37 Watch Tower
32:37 Watch Tower
32:39 Watch Tower
32:39 Watch Tower
32:40 Watch Tower
32:41 Watch Tower
32:42 Watch Tower
32:44 Watch Tower
32:48 Watch Tower
32:49 Watch Tower
36:00 Watch Tower
36:01 Watch Tower
36:02 Watch Tower
36:04 Watch Tower
36:05 Watch Tower
36:06 Watch Tower
49:00 Barracks
49:01 Barracks
49:02 Barracks
49:03 Barracks
» items
| Healing Salve | 2 | |
| Lesser Clarity Potion | 2 | |
| Potion of Mana | 1 | |
| Boots of Speed | 1 | |
| Staff of Teleportation | 1 | |
| Orb of Lightning | 1 | |
| Potion of Invulnerability | 1 | |
| Gloves of Haste | 1 | |
| Cloak of Flames | 1 | |
| Ring of Protection +4 | 1 | |
| Scroll of Town Portal | 1 | |
| Claws of Attack +12 | 1 | |
| Pendant of Energy | 1 | |
| Staff of Silence | 1 | |
16 total
SANTAAAAAAAAAAA (
blue | 76 APM | 7799 actions | 102:15)
7 Shadow Hunter
3 Serpent Ward
3 Hex
1 Healing Wave
1 Tauren Chieftain
1 Shockwave
» actions
| Assign group hotkey | 19 | |
| Basic commands | 6 | |
| Build / train | 82 | |
| Enter build submenu | 142 | |
| Enter hero's abilities submenu | 7 | |
| Give item / drop item | 8 | |
| Remove unit from queue | 1 | |
| Right click | 5659 | |
| Select / deselect | 869 | |
| Select group hotkey | 399 | |
| Use ability | 605 | |
7799 total
» units
» upgrades
| Spiked Barricades | 3 | |
| Reinforced Defenses | 1 | |
4 total
» buildings
| Altar of Storms | 1 | |
| Orc Burrow | 6 | |
| War Mill | 8 | |
| Voodoo Lounge | 3 | |
| Watch Tower | 288 | |
| Stronghold | 1 | |
| Fortress | 1 | |
| Great Hall | 1 | |
309 total
» build order
00:10 Altar of Storms
00:21 Orc Burrow
00:52 War Mill
01:10 Voodoo Lounge
02:06 Watch Tower
02:30 Watch Tower
02:42 Watch Tower
03:19 Stronghold
03:38 Watch Tower
03:54 Watch Tower
04:02 Watch Tower
04:37 Watch Tower
04:39 Watch Tower
05:36 Watch Tower
05:36 Watch Tower
05:40 Fortress
05:47 Watch Tower
07:05 Watch Tower
07:27 Watch Tower
07:29 Watch Tower
07:30 Watch Tower
07:32 Watch Tower
07:33 Watch Tower
07:34 Watch Tower
07:35 Watch Tower
07:36 Watch Tower
07:48 Orc Burrow
10:00 War Mill
10:20 Watch Tower
10:21 Watch Tower
10:35 Watch Tower
10:48 Watch Tower
11:36 Great Hall
11:39 Watch Tower
11:51 Watch Tower
12:45 Watch Tower
12:46 Watch Tower
12:47 Watch Tower
12:48 Watch Tower
12:49 Watch Tower
12:50 Watch Tower
13:28 Watch Tower
13:47 War Mill
14:02 Watch Tower
14:05 Watch Tower
14:06 Watch Tower
14:13 Watch Tower
14:22 Watch Tower
14:22 Watch Tower
14:23 Watch Tower
14:24 Watch Tower
15:23 Watch Tower
15:50 Watch Tower
15:51 Watch Tower
15:52 Watch Tower
15:52 Watch Tower
15:53 Watch Tower
15:55 Watch Tower
15:55 Watch Tower
15:56 Watch Tower
15:57 Watch Tower
15:58 Watch Tower
15:59 Watch Tower
16:00 Watch Tower
16:00 Watch Tower
16:01 Watch Tower
16:02 Watch Tower
16:02 Watch Tower
16:03 Watch Tower
16:04 Watch Tower
16:04 Watch Tower
16:25 Watch Tower
16:28 Watch Tower
17:35 Watch Tower
17:36 Watch Tower
17:37 Watch Tower
17:38 Watch Tower
17:39 Watch Tower
17:40 Watch Tower
17:41 Watch Tower
17:42 Watch Tower
17:43 Watch Tower
17:47 Watch Tower
17:49 Watch Tower
18:27 Watch Tower
18:28 Watch Tower
18:29 Watch Tower
18:30 Watch Tower
19:00 Watch Tower
19:02 Watch Tower
19:03 Watch Tower
19:13 Watch Tower
19:14 Watch Tower
19:15 Watch Tower
19:16 Watch Tower
19:18 Watch Tower
19:20 Watch Tower
19:22 Watch Tower
19:23 Watch Tower
19:25 Watch Tower
19:25 Watch Tower
19:27 Watch Tower
19:28 Watch Tower
19:35 Watch Tower
19:58 Watch Tower
19:59 Watch Tower
20:00 Watch Tower
20:01 Watch Tower
20:07 Watch Tower
20:08 Watch Tower
20:09 Watch Tower
20:09 Watch Tower
20:27 Watch Tower
20:28 Watch Tower
20:33 Watch Tower
20:35 Watch Tower
20:36 Watch Tower
20:37 Watch Tower
20:38 Watch Tower
20:39 Watch Tower
20:40 Watch Tower
20:40 Watch Tower
20:41 Watch Tower
21:13 Watch Tower
21:14 Watch Tower
21:15 Watch Tower
21:16 Watch Tower
21:17 Watch Tower
21:19 Watch Tower
21:20 Watch Tower
21:21 Watch Tower
21:21 Watch Tower
21:22 Watch Tower
21:23 Watch Tower
21:55 Watch Tower
21:57 Watch Tower
21:58 Watch Tower
22:12 Watch Tower
22:44 War Mill
22:49 Watch Tower
22:57 Watch Tower
23:00 Watch Tower
23:05 Watch Tower
23:09 Watch Tower
23:24 Watch Tower
23:31 Watch Tower
23:47 Watch Tower
23:57 Watch Tower
24:02 Watch Tower
24:51 Watch Tower
24:52 Watch Tower
24:52 Watch Tower
24:53 Watch Tower
24:54 Watch Tower
24:55 Watch Tower
25:26 Watch Tower
25:27 Watch Tower
26:20 Watch Tower
26:21 Watch Tower
26:22 Watch Tower
26:23 Watch Tower
26:31 War Mill
26:49 Watch Tower
26:53 Watch Tower
26:58 Watch Tower
27:05 Watch Tower
27:06 Watch Tower
27:06 Watch Tower
27:07 Watch Tower
27:11 War Mill
27:34 Watch Tower
27:38 Watch Tower
27:42 Watch Tower
28:11 Watch Tower
28:13 Watch Tower
28:17 Watch Tower
28:32 Watch Tower
28:33 Watch Tower
28:47 Watch Tower
28:53 Watch Tower
29:03 Voodoo Lounge
29:29 Watch Tower
29:30 Watch Tower
29:31 Watch Tower
29:32 Watch Tower
29:34 Watch Tower
29:34 Watch Tower
29:35 Watch Tower
29:36 Watch Tower
29:37 Watch Tower
29:38 Watch Tower
29:39 Watch Tower
29:40 Watch Tower
29:41 Watch Tower
29:42 Watch Tower
30:06 Watch Tower
30:57 Watch Tower
30:58 Watch Tower
31:22 Watch Tower
32:35 Watch Tower
32:36 Watch Tower
32:37 Watch Tower
32:39 Watch Tower
32:40 Watch Tower
32:41 Watch Tower
32:42 Watch Tower
32:43 Watch Tower
32:44 Watch Tower
32:46 Watch Tower
32:47 Watch Tower
32:49 Watch Tower
32:49 Watch Tower
32:51 Watch Tower
32:52 Watch Tower
32:55 Watch Tower
32:56 Watch Tower
32:57 Watch Tower
32:59 Watch Tower
33:00 Watch Tower
33:02 Watch Tower
33:04 Watch Tower
33:05 Watch Tower
33:06 Watch Tower
33:09 Watch Tower
33:12 Orc Burrow
33:12 Orc Burrow
33:14 Orc Burrow
33:16 Orc Burrow
33:19 Watch Tower
33:20 Watch Tower
33:21 Watch Tower
33:22 Watch Tower
33:23 Watch Tower
33:25 Watch Tower
33:26 Watch Tower
33:27 Watch Tower
33:28 Watch Tower
33:29 Watch Tower
33:30 Watch Tower
33:31 Watch Tower
34:56 Voodoo Lounge
34:57 Watch Tower
35:13 Watch Tower
35:14 Watch Tower
35:15 Watch Tower
35:16 Watch Tower
35:17 Watch Tower
35:18 Watch Tower
36:24 Watch Tower
36:25 Watch Tower
36:26 Watch Tower
36:27 Watch Tower
36:28 Watch Tower
36:30 Watch Tower
36:31 Watch Tower
36:32 Watch Tower
36:33 Watch Tower
36:34 Watch Tower
36:36 Watch Tower
36:37 Watch Tower
36:38 Watch Tower
36:42 Watch Tower
36:42 Watch Tower
36:45 Watch Tower
36:46 Watch Tower
36:47 Watch Tower
36:48 Watch Tower
36:49 Watch Tower
36:50 Watch Tower
36:52 Watch Tower
36:53 Watch Tower
38:18 Watch Tower
38:19 Watch Tower
38:20 Watch Tower
38:20 Watch Tower
38:21 Watch Tower
38:22 Watch Tower
38:22 Watch Tower
38:24 Watch Tower
38:25 Watch Tower
38:25 Watch Tower
38:49 Watch Tower
39:17 Watch Tower
39:18 Watch Tower
39:19 Watch Tower
39:20 Watch Tower
39:21 Watch Tower
39:22 Watch Tower
39:23 Watch Tower
39:24 Watch Tower
39:25 Watch Tower
39:26 Watch Tower
39:28 Watch Tower
39:30 Watch Tower
39:31 Watch Tower
39:32 Watch Tower
39:32 Watch Tower
39:34 Watch Tower
39:34 Watch Tower
39:35 Watch Tower
39:45 War Mill
40:13 Watch Tower
40:14 Watch Tower
40:15 Watch Tower
40:16 Watch Tower
43:47 Watch Tower
43:49 Watch Tower
44:01 Watch Tower
49:18 War Mill
» items
| Healing Salve | 3 | |
| Lesser Clarity Potion | 1 | |
| Staff of Teleportation | 1 | |
| Orb of Lightning | 1 | |
| Tiny Great Hall | 1 | |
| Anti-magic Potion | 1 | |
| Boots of Speed | 1 | |
| Potion of Healing | 1 | |
| Scroll of Town Portal | 1 | |
| Khadgar's Gem of Health | 1 | |
| Tome of Retraining | 1 | |
13 total
Ta[Gg]Le (
purple | 90 APM | 6455 actions | 71:27)
6 Warden
3 Shadow Strike
3 Blink
» actions
| Assign group hotkey | 21 | |
| Basic commands | 1 | |
| Build / train | 79 | |
| ESC pressed | 4 | |
| Enter build submenu | 110 | |
| Enter hero's abilities submenu | 6 | |
| Give item / drop item | 11 | |
| Remove unit from queue | 2 | |
| Right click | 4217 | |
| Select / deselect | 697 | |
| Select group hotkey | 714 | |
| Use ability | 591 | |
6455 total
» units
» upgrades
» buildings
| Moon Well | 166 | |
| Altar of Elders | 1 | |
| Hunter's Hall | 1 | |
| Ancient of Wonders | 4 | |
| Ancient Protector | 6 | |
| Tree of Ages | 2 | |
| Tree of Eternity | 3 | |
183 total
» build order
00:06 Moon Well
00:08 Altar of Elders
01:09 Hunter's Hall
01:39 Moon Well
02:00 Ancient of Wonders
02:23 Ancient Protector
02:45 Moon Well
02:48 Moon Well
03:16 Ancient Protector
03:49 Ancient Protector
04:10 Tree of Ages
04:10 Tree of Ages
04:39 Moon Well
05:12 Moon Well
05:14 Moon Well
06:31 Moon Well
06:33 Moon Well
07:09 Moon Well
07:11 Moon Well
07:53 Tree of Eternity
07:54 Tree of Eternity
07:54 Tree of Eternity
07:57 Moon Well
08:41 Moon Well
09:00 Moon Well
09:43 Moon Well
09:45 Moon Well
09:46 Moon Well
10:06 Moon Well
11:45 Moon Well
11:47 Ancient of Wonders
12:17 Moon Well
12:18 Moon Well
12:21 Moon Well
12:21 Moon Well
13:03 Moon Well
13:04 Moon Well
14:00 Moon Well
14:02 Moon Well
14:28 Moon Well
14:28 Moon Well
14:30 Moon Well
14:32 Moon Well
16:08 Moon Well
16:10 Moon Well
16:11 Moon Well
16:12 Moon Well
16:13 Moon Well
16:15 Moon Well
16:45 Moon Well
16:49 Moon Well
16:50 Moon Well
16:51 Moon Well
16:58 Moon Well
16:59 Moon Well
17:00 Moon Well
17:01 Moon Well
17:02 Moon Well
17:03 Moon Well
17:05 Moon Well
17:35 Ancient of Wonders
18:50 Moon Well
18:51 Moon Well
18:52 Moon Well
18:54 Moon Well
18:55 Moon Well
18:56 Moon Well
19:33 Moon Well
19:35 Moon Well
19:37 Moon Well
19:38 Moon Well
19:40 Moon Well
21:27 Moon Well
22:03 Moon Well
22:04 Moon Well
22:05 Moon Well
22:07 Moon Well
22:08 Moon Well
22:09 Moon Well
22:10 Moon Well
22:11 Moon Well
22:12 Moon Well
23:03 Ancient Protector
23:05 Ancient Protector
23:14 Moon Well
23:15 Moon Well
23:20 Moon Well
25:02 Moon Well
25:04 Moon Well
25:23 Moon Well
25:24 Moon Well
25:26 Moon Well
25:28 Moon Well
25:29 Moon Well
25:30 Moon Well
25:31 Moon Well
25:32 Moon Well
25:33 Moon Well
25:34 Moon Well
25:35 Moon Well
25:36 Moon Well
25:37 Moon Well
25:38 Moon Well
26:51 Ancient Protector
29:41 Moon Well
29:42 Moon Well
29:43 Moon Well
29:44 Moon Well
29:45 Moon Well
29:47 Moon Well
29:48 Moon Well
29:49 Moon Well
30:50 Moon Well
30:52 Moon Well
30:54 Moon Well
30:55 Moon Well
30:57 Moon Well
30:58 Moon Well
30:59 Moon Well
31:01 Moon Well
31:03 Moon Well
32:50 Moon Well
32:51 Moon Well
32:53 Moon Well
33:08 Moon Well
33:12 Moon Well
33:13 Moon Well
33:14 Moon Well
33:15 Moon Well
33:20 Moon Well
33:21 Moon Well
33:22 Moon Well
33:23 Moon Well
33:25 Moon Well
33:26 Moon Well
33:27 Moon Well
33:27 Moon Well
34:55 Moon Well
34:56 Moon Well
34:58 Moon Well
34:59 Moon Well
35:01 Moon Well
35:02 Moon Well
35:39 Moon Well
35:41 Moon Well
35:42 Moon Well
35:43 Moon Well
35:44 Moon Well
35:45 Moon Well
35:46 Moon Well
35:47 Moon Well
35:48 Moon Well
38:00 Moon Well
38:01 Moon Well
39:15 Moon Well
39:16 Moon Well
39:29 Moon Well
39:30 Moon Well
39:34 Moon Well
40:17 Moon Well
40:18 Moon Well
40:20 Moon Well
40:22 Moon Well
40:23 Moon Well
41:23 Moon Well
41:25 Moon Well
41:26 Moon Well
42:44 Moon Well
42:51 Moon Well
43:44 Moon Well
43:46 Moon Well
43:48 Moon Well
43:55 Ancient of Wonders
44:00 Moon Well
44:01 Moon Well
44:03 Moon Well
44:05 Moon Well
45:51 Moon Well
46:13 Moon Well
46:14 Moon Well
47:24 Moon Well
47:27 Moon Well
48:45 Moon Well
» items
| Moonstone | 3 | |
| Dust of Appearance | 1 | |
| Lesser Clarity Potion | 6 | |
| Circlet of Nobility | 2 | |
| Boots of Speed | 4 | |
| Staff of Teleportation | 1 | |
| Healing Salve | 1 | |
| Orb of Venom | 1 | |
| Potion of Lesser Invulnerability | 3 | |
| Potion of Mana | 2 | |
| Potion of Healing | 2 | |
26 total
team 2 (winner)
BongLord (
orange | 79 APM | 8051 actions | 102:15)
7 Warden
1 Fan of Knives
3 Blink
3 Shadow Strike
» actions
| Assign group hotkey | 240 | |
| Basic commands | 23 | |
| Build / train | 85 | |
| ESC pressed | 3 | |
| Enter build submenu | 44 | |
| Enter hero's abilities submenu | 9 | |
| Give item / drop item | 1 | |
| Remove unit from queue | 8 | |
| Right click | 6284 | |
| Select / deselect | 411 | |
| Select group hotkey | 512 | |
| Use ability | 431 | |
8051 total
» units
» upgrades
| Druid of the Talon Training | 2 | |
| Strength of the Wild | 3 | |
| Backpack | 0 | |
| Reinforced Hides | 3 | |
| Ultravision | 1 | |
| Well Spring | 1 | |
| Corrosive Breath | 1 | |
| Strength of the Moon | 1 | |
| Moon Armor | 1 | |
| Mark of the Talon | 1 | |
14 total
» buildings
| Moon Well | 65 | |
| Altar of Elders | 1 | |
| Tree of Ages | 5 | |
| Ancient of Wonders | 1 | |
| Tree of Life | 1 | |
| Tree of Eternity | 1 | |
| Ancient of Wind | 3 | |
| Hunter's Hall | 2 | |
| Chimaera Roost | 2 | |
81 total
» build order
00:17 Moon Well
00:21 Altar of Elders
00:59 Moon Well
03:38 Moon Well
05:06 Tree of Ages
05:06 Tree of Ages
05:07 Tree of Ages
05:07 Tree of Ages
05:27 Ancient of Wonders
05:39 Moon Well
06:42 Moon Well
07:08 Moon Well
08:29 Moon Well
08:29 Moon Well
09:39 Tree of Life
10:01 Moon Well
10:02 Moon Well
11:13 Moon Well
11:14 Moon Well
14:00 Tree of Eternity
16:39 Ancient of Wind
16:44 Ancient of Wind
18:42 Hunter's Hall
19:06 Chimaera Roost
19:06 Chimaera Roost
20:02 Moon Well
20:14 Ancient of Wind
21:04 Hunter's Hall
22:03 Moon Well
30:07 Moon Well
30:10 Moon Well
31:11 Moon Well
31:13 Moon Well
32:26 Moon Well
32:27 Moon Well
33:32 Moon Well
38:31 Moon Well
40:10 Moon Well
41:16 Moon Well
60:34 Moon Well
60:34 Moon Well
60:35 Moon Well
85:17 Moon Well
85:18 Moon Well
85:19 Moon Well
85:19 Moon Well
85:20 Moon Well
85:22 Moon Well
87:21 Moon Well
87:22 Moon Well
87:23 Moon Well
87:24 Moon Well
87:25 Moon Well
87:25 Moon Well
87:29 Moon Well
87:30 Moon Well
87:30 Moon Well
87:31 Moon Well
87:31 Moon Well
87:31 Moon Well
87:48 Moon Well
87:51 Moon Well
87:53 Moon Well
87:53 Moon Well
87:54 Moon Well
87:55 Moon Well
90:50 Moon Well
90:51 Moon Well
90:51 Moon Well
90:52 Moon Well
90:54 Moon Well
91:03 Moon Well
91:04 Moon Well
91:04 Moon Well
91:05 Moon Well
94:33 Moon Well
94:34 Moon Well
94:34 Moon Well
94:36 Moon Well
94:36 Moon Well
» items
| Lesser Clarity Potion | 1 | |
| Tome of Retraining | 1 | |
| Orb of Lightning | 1 | |
| Potion of Healing | 1 | |
| Scroll of Town Portal | 1 | |
| Orb of Venom | 1 | |
6 total
pizzafan1739 (
green | 133 APM | 13559 actions | 102:15)
8 Blademaster
3 Wind Walk
3 Critical Strike
1 Bladestorm
1 Mirror Image
6 Shadow Hunter
3 Hex
2 Healing Wave
1 Big Bad Voodoo
6 Tauren Chieftain
3 Shockwave
2 War Stomp
1 Reincarnation
» actions
| Assign group hotkey | 12 | |
| Basic commands | 40 | |
| Build / train | 99 | |
| Enter build submenu | 83 | |
| Enter hero's abilities submenu | 21 | |
| Give item / drop item | 47 | |
| Right click | 10458 | |
| Select / deselect | 1132 | |
| Select group hotkey | 860 | |
| Use ability | 807 | |
13559 total
» units
| Peon | 20 | |
| Troll Batrider | 10 | |
| Troll Witch Doctor | 1 | |
31 total
» upgrades
| Ranged Weapons | 3 | |
| Liquid Fire | 1 | |
| Envenomed Spears | 1 | |
| Armor | 1 | |
| Shaman Training | 1 | |
| Witch Doctor Training | 2 | |
| Reinforced Defenses | 1 | |
| Pillage | 1 | |
11 total
» buildings
| Altar of Storms | 1 | |
| Voodoo Lounge | 4 | |
| Orc Burrow | 3 | |
| War Mill | 1 | |
| Watch Tower | 90 | |
| Stronghold | 1 | |
| Great Hall | 1 | |
| Fortress | 1 | |
| Beastiary | 2 | |
| Spirit Lodge | 1 | |
105 total
» build order
00:07 Altar of Storms
00:18 Voodoo Lounge
00:19 Orc Burrow
00:34 War Mill
01:01 Voodoo Lounge
01:51 Watch Tower
01:59 Orc Burrow
02:28 Watch Tower
03:03 Watch Tower
03:05 Watch Tower
03:42 Watch Tower
03:56 Stronghold
04:27 Watch Tower
04:58 Watch Tower
05:32 Watch Tower
05:52 Watch Tower
05:53 Watch Tower
05:53 Watch Tower
05:54 Watch Tower
05:55 Watch Tower
06:40 Watch Tower
07:22 Great Hall
07:27 Watch Tower
07:28 Watch Tower
07:29 Watch Tower
07:46 Watch Tower
08:27 Fortress
08:38 Beastiary
08:49 Watch Tower
08:50 Watch Tower
08:50 Watch Tower
09:15 Voodoo Lounge
09:20 Voodoo Lounge
09:25 Watch Tower
10:50 Watch Tower
10:51 Watch Tower
10:58 Beastiary
11:04 Orc Burrow
11:10 Watch Tower
11:11 Watch Tower
11:11 Watch Tower
11:12 Watch Tower
11:12 Watch Tower
12:04 Watch Tower
12:04 Watch Tower
12:06 Watch Tower
12:07 Watch Tower
12:24 Watch Tower
12:29 Watch Tower
14:06 Watch Tower
14:07 Watch Tower
14:07 Watch Tower
15:17 Watch Tower
15:20 Watch Tower
15:21 Watch Tower
15:22 Watch Tower
15:23 Watch Tower
16:19 Watch Tower
16:20 Watch Tower
16:21 Watch Tower
16:22 Watch Tower
16:22 Watch Tower
16:23 Watch Tower
16:24 Watch Tower
16:24 Watch Tower
16:51 Watch Tower
17:01 Watch Tower
17:02 Watch Tower
17:02 Watch Tower
17:03 Watch Tower
18:29 Watch Tower
18:31 Watch Tower
18:31 Watch Tower
19:45 Spirit Lodge
26:09 Watch Tower
26:10 Watch Tower
26:12 Watch Tower
26:12 Watch Tower
26:13 Watch Tower
26:18 Watch Tower
27:22 Watch Tower
27:22 Watch Tower
27:24 Watch Tower
29:47 Watch Tower
29:48 Watch Tower
29:55 Watch Tower
29:56 Watch Tower
31:22 Watch Tower
31:23 Watch Tower
31:24 Watch Tower
32:25 Watch Tower
32:25 Watch Tower
36:05 Watch Tower
36:06 Watch Tower
36:07 Watch Tower
36:11 Watch Tower
36:12 Watch Tower
36:13 Watch Tower
36:13 Watch Tower
43:22 Watch Tower
43:23 Watch Tower
43:24 Watch Tower
43:25 Watch Tower
43:25 Watch Tower
49:53 Watch Tower
» items
| Healing Salve | 3 | |
| Lesser Clarity Potion | 4 | |
| Boots of Speed | 3 | |
| Staff of Teleportation | 4 | |
| Amulet of Spell Shield | 2 | |
| Orb of Lightning | 3 | |
| Claws of Attack +12 | 2 | |
| Mechanical Critter | 2 | |
| Staff of Sanctuary | 1 | |
| Pendant of Mana | 3 | |
| Khadgar's Gem of Health | 1 | |
28 total
TIMG4STROK (
red | 118 APM | 12125 actions | 102:19)
9 Archmage
3 Blizzard
3 Brilliance Aura
1 Mass Teleport
2 Summon Water Elemental
8 Mountain King
3 Storm Bolt
3 Bash
1 Avatar
1 Thunder Clap
7 Paladin
3 Holy Light
1 Divine Shield
3 Devotion Aura
» actions
| Assign group hotkey | 11 | |
| Basic commands | 193 | |
| Build / train | 182 | |
| ESC pressed | 1 | |
| Enter build submenu | 179 | |
| Enter hero's abilities submenu | 24 | |
| Give item / drop item | 13 | |
| Right click | 5537 | |
| Select / deselect | 721 | |
| Select group hotkey | 4107 | |
| Use ability | 1157 | |
12125 total
» units
» upgrades
| Masonry | 3 | |
| Lumber Harvesting | 1 | |
| Magic Sentry | 1 | |
| Armor | 3 | |
| Swords | 1 | |
| Cloud | 1 | |
10 total
» buildings
| Altar of Kings | 1 | |
| Farm | 11 | |
| Scout Tower | 213 | |
| Lumber Mill | 3 | |
| Arcane Tower | 25 | |
| Guard Tower | 78 | |
| Keep | 1 | |
| Arcane Sanctum | 1 | |
| Arcane Vault | 3 | |
| Castle | 3 | |
| Town Hall | 1 | |
| Blacksmith | 1 | |
| Barracks | 1 | |
| Gryphon Aviary | 2 | |
344 total
» build order
00:05 Altar of Kings
00:09 Farm
00:47 Farm
00:58 Scout Tower
01:03 Scout Tower
01:15 Scout Tower
01:29 Lumber Mill
01:34 Scout Tower
01:35 Arcane Tower
01:48 Arcane Tower
01:48 Arcane Tower
01:49 Arcane Tower
01:50 Scout Tower
02:10 Guard Tower
02:14 Scout Tower
02:23 Guard Tower
02:24 Scout Tower
02:37 Scout Tower
02:54 Scout Tower
02:55 Guard Tower
02:57 Scout Tower
03:00 Guard Tower
03:02 Scout Tower
03:03 Scout Tower
03:17 Guard Tower
03:19 Scout Tower
03:19 Scout Tower
03:22 Guard Tower
03:24 Scout Tower
03:30 Scout Tower
03:30 Scout Tower
03:45 Guard Tower
03:47 Guard Tower
03:49 Keep
04:06 Guard Tower
04:28 Guard Tower
04:31 Scout Tower
04:32 Scout Tower
04:37 Guard Tower
04:50 Scout Tower
04:51 Scout Tower
05:05 Guard Tower
05:16 Lumber Mill
05:24 Guard Tower
05:26 Scout Tower
05:27 Scout Tower
05:55 Guard Tower
05:59 Scout Tower
06:00 Scout Tower
06:01 Guard Tower
06:02 Scout Tower
06:03 Scout Tower
06:04 Scout Tower
06:04 Scout Tower
06:25 Farm
06:28 Arcane Sanctum
06:32 Guard Tower
06:34 Scout Tower
06:34 Scout Tower
06:40 Scout Tower
06:58 Guard Tower
07:00 Scout Tower
07:00 Scout Tower
07:13 Guard Tower
07:17 Scout Tower
07:18 Scout Tower
07:19 Scout Tower
07:20 Scout Tower
07:25 Guard Tower
07:38 Arcane Vault
07:52 Guard Tower
08:04 Arcane Tower
08:28 Scout Tower
08:28 Scout Tower
08:31 Scout Tower
08:32 Scout Tower
08:57 Arcane Tower
08:59 Guard Tower
09:05 Guard Tower
09:07 Scout Tower
09:08 Scout Tower
09:10 Scout Tower
09:11 Scout Tower
09:22 Scout Tower
09:23 Scout Tower
09:37 Guard Tower
09:39 Scout Tower
09:40 Scout Tower
09:44 Scout Tower
09:45 Scout Tower
09:45 Scout Tower
09:46 Scout Tower
09:52 Castle
09:52 Castle
10:38 Guard Tower
10:55 Town Hall
11:07 Guard Tower
11:10 Scout Tower
11:10 Scout Tower
11:14 Scout Tower
11:15 Scout Tower
11:16 Scout Tower
11:17 Scout Tower
11:19 Scout Tower
11:20 Scout Tower
11:20 Scout Tower
11:22 Guard Tower
11:25 Scout Tower
11:25 Scout Tower
11:26 Scout Tower
11:26 Scout Tower
11:29 Scout Tower
11:30 Scout Tower
12:00 Guard Tower
12:02 Scout Tower
12:32 Guard Tower
12:35 Guard Tower
12:45 Scout Tower
12:46 Scout Tower
12:46 Scout Tower
12:47 Scout Tower
13:32 Guard Tower
13:34 Scout Tower
13:35 Scout Tower
13:51 Guard Tower
14:30 Scout Tower
14:33 Scout Tower
14:34 Scout Tower
14:35 Scout Tower
15:11 Guard Tower
15:13 Scout Tower
15:29 Scout Tower
15:29 Scout Tower
15:30 Scout Tower
15:31 Scout Tower
15:34 Arcane Vault
15:35 Arcane Vault
15:39 Guard Tower
15:42 Scout Tower
15:43 Scout Tower
15:43 Scout Tower
15:44 Scout Tower
15:49 Scout Tower
15:50 Scout Tower
15:51 Scout Tower
15:51 Scout Tower
15:52 Scout Tower
15:52 Scout Tower
15:55 Guard Tower
15:58 Scout Tower
15:58 Scout Tower
16:00 Scout Tower
16:01 Scout Tower
16:22 Guard Tower
16:31 Guard Tower
16:39 Arcane Tower
16:45 Guard Tower
16:47 Scout Tower
16:48 Scout Tower
16:49 Scout Tower
16:49 Scout Tower
16:51 Scout Tower
16:52 Scout Tower
17:04 Guard Tower
17:06 Scout Tower
17:06 Scout Tower
17:25 Guard Tower
17:31 Arcane Tower
17:34 Scout Tower
17:35 Scout Tower
17:37 Guard Tower
17:38 Guard Tower
17:41 Blacksmith
17:44 Barracks
18:23 Guard Tower
18:41 Guard Tower
18:47 Scout Tower
18:47 Scout Tower
18:48 Scout Tower
18:48 Scout Tower
19:12 Scout Tower
19:12 Scout Tower
19:26 Guard Tower
19:40 Scout Tower
19:41 Scout Tower
19:41 Scout Tower
19:42 Scout Tower
19:43 Scout Tower
19:57 Scout Tower
19:58 Scout Tower
20:01 Scout Tower
20:03 Scout Tower
20:05 Scout Tower
20:07 Scout Tower
20:09 Scout Tower
20:10 Scout Tower
20:13 Scout Tower
20:15 Scout Tower
20:16 Scout Tower
20:21 Guard Tower
20:23 Scout Tower
20:23 Scout Tower
20:24 Scout Tower
20:24 Scout Tower
20:25 Scout Tower
20:26 Scout Tower
20:33 Arcane Tower
20:39 Farm
20:39 Farm
20:40 Farm
20:41 Farm
20:43 Scout Tower
20:43 Scout Tower
20:44 Scout Tower
20:45 Scout Tower
21:33 Arcane Tower
21:49 Guard Tower
22:06 Lumber Mill
22:08 Guard Tower
22:18 Guard Tower
22:21 Scout Tower
22:21 Scout Tower
23:18 Guard Tower
23:26 Scout Tower
23:27 Scout Tower
23:28 Scout Tower
23:28 Scout Tower
24:35 Guard Tower
24:38 Scout Tower
24:39 Scout Tower
24:40 Scout Tower
24:41 Scout Tower
25:00 Gryphon Aviary
25:16 Scout Tower
25:17 Scout Tower
25:17 Scout Tower
25:17 Scout Tower
25:20 Guard Tower
25:20 Guard Tower
25:21 Guard Tower
25:21 Guard Tower
25:25 Guard Tower
26:01 Guard Tower
26:01 Guard Tower
26:20 Guard Tower
26:24 Arcane Tower
26:53 Guard Tower
26:55 Scout Tower
26:56 Scout Tower
26:56 Scout Tower
26:58 Scout Tower
26:58 Scout Tower
27:04 Scout Tower
27:05 Scout Tower
27:25 Arcane Tower
29:42 Guard Tower
29:47 Guard Tower
29:47 Scout Tower
29:48 Scout Tower
29:49 Scout Tower
29:49 Scout Tower
31:03 Guard Tower
31:08 Scout Tower
31:11 Scout Tower
32:01 Arcane Tower
32:28 Scout Tower
32:33 Arcane Tower
32:34 Arcane Tower
33:02 Arcane Tower
33:05 Scout Tower
33:06 Scout Tower
33:51 Gryphon Aviary
33:52 Farm
33:53 Farm
33:54 Farm
33:55 Farm
34:01 Scout Tower
34:02 Scout Tower
34:02 Scout Tower
34:03 Scout Tower
34:03 Scout Tower
34:04 Scout Tower
34:04 Scout Tower
34:05 Scout Tower
34:05 Scout Tower
34:05 Scout Tower
34:10 Guard Tower
34:53 Scout Tower
35:25 Arcane Tower
35:27 Scout Tower
35:42 Guard Tower
35:43 Scout Tower
35:56 Scout Tower
35:56 Scout Tower
36:02 Guard Tower
36:47 Scout Tower
36:48 Scout Tower
37:34 Arcane Tower
37:47 Guard Tower
37:49 Scout Tower
37:50 Scout Tower
37:51 Scout Tower
37:58 Arcane Tower
38:41 Guard Tower
40:04 Scout Tower
41:22 Arcane Tower
41:24 Scout Tower
41:25 Scout Tower
41:30 Guard Tower
41:30 Scout Tower
41:31 Scout Tower
41:31 Scout Tower
41:32 Scout Tower
41:33 Scout Tower
41:33 Scout Tower
41:35 Scout Tower
41:35 Scout Tower
41:52 Arcane Tower
42:47 Arcane Tower
42:49 Scout Tower
42:50 Scout Tower
42:51 Scout Tower
43:00 Scout Tower
43:06 Guard Tower
43:22 Guard Tower
44:07 Arcane Tower
44:12 Guard Tower
44:12 Scout Tower
44:44 Guard Tower
44:45 Scout Tower
44:46 Scout Tower
45:28 Arcane Tower
45:49 Guard Tower
45:50 Scout Tower
45:50 Scout Tower
46:15 Guard Tower
46:22 Guard Tower
46:49 Guard Tower
46:50 Scout Tower
47:25 Guard Tower
47:27 Scout Tower
48:27 Arcane Tower
» items
| Boots of Speed | 3 | |
| Staff of Teleportation | 3 | |
| Healing Salve | 2 | |
| Lesser Clarity Potion | 1 | |
| Khadgar's Gem of Health | 1 | |
| Staff of Sanctuary | 3 | |
| Orb of Lightning | 3 | |
| Legion Doom-Horn | 1 | |
| Pendant of Mana | 1 | |
| Ancient Janggo of Endurance | 1 | |
19 total
Chat log
(27:31 / All) PD-MOU: nice game
(27:32 / All) PD-MOU: ?
(27:40 / All) TIMG4STROK: thanks for letting us win
(42:00 / All) TIMG4STROK: you guys not v good at this
(42:10 / All) TIMG4STROK: have you ever made a hero before
(43:40 / All) TIMG4STROK: whats your record for most towers made
(43:53 / All) TIMG4STROK: i got like 3k~ but was on friends
(44:02 / All) TIMG4STROK: it aint even the world tower record!! i was in that game and it was 7497
(44:12 / All) SANTAAAAAAAAAAA: you cant imagine how many towers i build there
(44:27 / All) TIMG4STROK: around 5000 towers in it gets really choppy like 5fps
(45:46 / All) pizzafan1739: shitheads
(52:16 / All) TIMG4STROK: why wait until i have gigantic aoe for siege
(62:16 / All) BongLord: t(o.Ot)
(62:53 / All) pizzafan1739: u want us to leave??
(63:03 / All) PD-MOU: Loool
(63:05 / All) PD-MOU: so much fun
(63:09 / All) PD-MOU: why would be
(63:12 / All) PD-MOU: why would we ?
(65:27 / All) pizzafan1739: GOOD PLAY
(65:31 / All) pizzafan1739: REPLAY WATCHERS WATCH HERE
(65:34 / All) pizzafan1739: TC DIE TO TOWER
(65:37 / All) pizzafan1739: BLUE BAD
(65:58 / All) TIMG4STROK: little babies use units lol!
(66:04 / All) pizzafan1739: lbuu
(66:06 / All) PD-MOU: XD
(70:54 / All) Ta[Gg]Le: afk
(70:56 / All) Ta[Gg]Le: ++
(70:58 / All) TIMG4STROK: bye
(71:00 / All) pizzafan1739: owned
(71:01 / All) BongLord: peace
(71:02 / All) TIMG4STROK: thanks for being horrible at this
(71:07 / All) TIMG4STROK: lol!
(71:09 / All) TIMG4STROK: so bad! so sad!
(71:11 / All) PD-MOU: thx
(71:30 / All) TIMG4STROK: lmao!
(71:34 / All) pizzafan1739: own
(71:35 / All) TIMG4STROK: why wait this long
(71:35 / All) pizzafan1739: bow
(71:36 / All) pizzafan1739: bow
(71:37 / All) pizzafan1739: bow
(71:37 / All) pizzafan1739: bow
(71:38 / All) pizzafan1739: bow
(71:39 / All) TIMG4STROK: i thought it was fun you idiots
(71:39 / All) pizzafan1739: bow 2 me
(71:40 / All) pizzafan1739: bow
(71:41 / All) pizzafan1739: kiss feetr
(71:58 / All) TIMG4STROK: is watching your towers and moon wells die at a rate of 1 per dog hour too depressing for you
(72:22 / All) TIMG4STROK: lets make a shit ton of wells and towers itll be non stop action lots of fun!
(92:41 / All) pizzafan1739: big lag vooodo
(101:59 / All) pizzafan1739: HTTP HIPERCH